Cogmind - Beta 15 @@@ ROGUE MODE // 2025.06.11 @ 20:59:22 // Winter2019/RPGLIKE Player: Jack Result: Destroyed by P-60 Hacker with Shock Rifle Performance ------------- Evolutions (3) 1500 Regions Visited (5) 1000 Robots Destroyed (23) 115 Value Destroyed (537) 537 Prototype IDs (0) 0 Alien Tech Used (0) 0 Bonus (0) 0 TOTAL SCORE: 3152 Bonus ------- None Cogmind --------- Core Integrity 0/600 Matter 226/300 Energy 125/125 System Corruption 1% Temperature Cool (7) Movement Flying (37) Location -7/Factory Parts ------- > --- POWER (1) -------- Light Ion Engine > --- PROPULSION (2) --- Flight Unit Flight Unit > --- UTILITY (1) ------ Weight Redist. System > --- WEAPON (4) ------- Autogun Autogun > --- INVENTORY (0) ---- (None) Peak State ------------ > --- POWER ------------ Light Nuclear Core > --- PROPULSION ------- Flight Unit > --- UTILITY ---------- Weight Redist. System > --- WEAPON ----------- Autogun Autogun Autogun Autogun > --- INVENTORY -------- (None) [Rating: 14] Favorites ----------- Power Light Ion Engine Engine Light Ion Engine Power Core Light Nuclear Core Propulsion Flight Unit Flight Unit Flight Unit Utility Weight Redist. System Device Weight Redist. System Weapon Autogun Energy Gun Small Laser Ballistic Gun Autogun Build | -11 -10 -9 -9 -8 -7 ------- Run | Yrd Mat Mat Min Mat Fac Slots Evolved 4 | 4 . . . . . Power . | . . . . . . Propulsion 1 | 1 . . . . . Utility . | . . . . . . Weapon 3 | 3 . . . . . Parts Attached 16 | 3 5 6 2 . . Power 4 | . . 3 1 . . Engine 2 | . . 1 1 . . Core 2 | . . 2 . . . Reactor . | . . . . . . Propulsion 3 | . 1 1 1 . . Treads . | . . . . . . Leg . | . . . . . . Wheel . | . . . . . . Hover . | . . . . . . Flight 3 | . 1 1 1 . . Utility 2 | . . 2 . . . Device 2 | . . 2 . . . Storage . | . . . . . . Processor . | . . . . . . Hackware . | . . . . . . Protection . | . . . . . . Artifact . | . . . . . . Weapon 7 | 3 4 . . . . Energy Gun 3 | 3 . . . . . Energy Cannon . | . . . . . . Ballistic Gun 4 | . 4 . . . . Ballistic Cannon . | . . . . . . Launcher . | . . . . . . Special Weapon . | . . . . . . Impact Weapon . | . . . . . . Slashing Weapon . | . . . . . . Piercing Weapon . | . . . . . . Special Melee Weapon . | . . . . . . Unidentified Prototypes . | . . . . . . Parts Lost . | . . . . . . Power . | . . . . . . Propulsion . | . . . . . . Utility . | . . . . . . Weapon . | . . . . . . Highest Loss Streak . | . . . . . . To Critical Strikes . | . . . . . . Average Backups . | . . . . . . Power . | . . . . . . Propulsion . | . . . . . . Utility . | . . . . . . Weapon . | . . . . . . Tool/Special . | . . . . . . Unused Backups . | . . . . . . Power . | . . . . . . Propulsion . | . . . . . . Utility . | . . . . . . Weapon . | . . . . . . Tool/Special . | . . . . . . Average Slot Usage (%) 79 | . 39 79 100 100 82 Engine 7 | . . 4 12 12 12 Flight 18 | . 4 16 25 25 25 Device 9 | . . 9 12 12 12 Energy Gun 5 | . 31 . . . . Ballistic Gun 38 | . 3 47 50 50 32 Peak Build Rating 14 | 3 9 14 13 13 13 Average Rating 10 | 2 3 11 13 13 9 On Entrance 8 | . 3 9 13 13 13 Naked Turns . | . . . . . . Heaviest Build 17 | 4 12 17 15 15 15 Greatest Support 19 | 8 9 19 19 19 19 Greatest Overweight (x) 1 | . 1 1 . 1 . Average Overweight (x) . | . . . . . . Largest Inventory Capacity . | . . . . . . Average Capacity . | . . . . . . Most Carried . | . . . . . . Average Carried . | . . . . . . Final Capacity . | . . . . . . Final Carried . | . . . . . . Class Distribution -------------------- 57% | Gunner 29% | Hacker-Gunner 12% | Hacker-Mutant Dominant Class ---------------- Gunner | -10/Materials Gunner | -9/Materials Gunner | -9/Mines Hacker-Gunner | -8/Materials Hacker-Mutant | -7/Factory Resources | -11 -10 -9 -9 -8 -7 ----------- Run | Yrd Mat Mat Min Mat Fac Matter Collected 1050 | 155 23 272 94 476 30 Remotely . | . . . . . . Salvage Created 640 | . 23 181 65 341 30 Parts 54 | . 4 21 4 24 1 Haulers Intercepted . | . . . . . . Recyclers Shooed . | . . . . . . Parts Field Recycled . | . . . . . . Retrieved Matter . | . . . . . . Parts Self-Destructed . | . . . . . . Prevented . | . . . . . . Kills | -11 -10 -9 -9 -8 -7 ------- Run | Yrd Mat Mat Min Mat Fac Combat Hostiles Destroyed 17 | . 1 4 3 9 . Guns 17 | . 1 4 3 9 . Classes Destroyed 8 | . 2 4 . 2 . Worker 3 | . 1 1 . . 1 Builder 1 | . . 1 . . . Operator 1 | . . 1 . . . Watcher 1 | . . 1 . . . Swarmer 9 | . 1 3 3 2 . Grunt 5 | . . . . 5 . Sentry 1 | . . 1 . . . Specialist 2 | . . . . 2 . Best Kill Streak 6 | . 1 6 3 5 1 Combat Bots Only 5 | . 1 4 3 5 . Max Kills in Single Turn 1 | . 1 1 1 1 1 Gunslinging . | . . . . . . Exploded . | . . . . . . Melee . | . . . . . . Uniques/NPCs Destroyed . | . . . . . . Combat | -11 -10 -9 -9 -8 -7 -------- Run | Yrd Mat Mat Min Mat Fac Hostile Shots Fired 102 | . 10 11 5 51 25 Missed 27 | . . 4 3 13 7 Hits 75 | . 10 7 2 38 18 Projectile 75 | . 10 7 2 38 18 Damage Taken 1072 | . 95 74 16 605 282 Core 862 | . 77 57 12 491 225 Absorbed by Shields . | . . . . . . Redirected to Core 710 | . 59 51 12 394 194 Core Remaining (%) 78 | 100 92 . 85 36 . Volleys Fired 57 | . 6 14 3 21 13 Largest 4 | . 4 4 4 4 2 Hottest 130 | . 130 92 92 92 46 Shots Fired 196 | . 19 55 12 84 26 Gun 196 | . 19 55 12 84 26 Cannon . | . . . . . . Launcher . | . . . . . . Special . | . . . . . . Kinetic 181 | . 4 55 12 84 26 Thermal 15 | . 15 . . . . Explosive . | . . . . . . Electromagnetic . | . . . . . . Robot Hit Streak 12 | . 5 6 3 12 7 Robot Miss Streak 5 | . 4 5 5 4 5 Penetration Max . | . . . . . . Secondary Targets 5 | . . . . 5 . Max Gunslinging Chain 1 | . . . . 1 . Shots Hit Robots 105 | . 7 24 5 52 17 Core Hits 36 | . 2 10 3 18 3 Critical Kills . | . . . . . . Critical Parts Destroyed . | . . . . . . Critical Strikes . | . . . . . . Melee Attacks . | . . . . . . Impact . | . . . . . . Slashing . | . . . . . . Piercing . | . . . . . . Sneak Attacks . | . . . . . . Combat Hostiles . | . . . . . . Follow-up Attacks . | . . . . . . Damage Inflicted 1686 | . 81 411 125 769 300 Guns 1686 | . 81 411 125 769 300 Cannons . | . . . . . . Explosions . | . . . . . . Melee . | . . . . . . Ramming . | . . . . . . Kinetic 1605 | . . 411 125 769 300 Thermal 81 | . 81 . . . . Explosive . | . . . . . . Electromagnetic . | . . . . . . Impact . | . . . . . . Slashing . | . . . . . . Piercing . | . . . . . . Highest Corruption 1 | . . . . . 1 Average Corruption 1 | . . . . . 1 Corruption Purged . | . . . . . . Corruption Blocked . | . . . . . . Overload Shots . | . . . . . . Overflow Damage . | . . . . . . Projectiles . | . . . . . . Explosions . | . . . . . . Melee . | . . . . . . Knockbacks . | . . . . . . Impact . | . . . . . . Kinetic . | . . . . . . Secondary . | . . . . . . Self-Inflicted Damage . | . . . . . . Shots . | . . . . . . Rammed . | . . . . . . Targets Rammed . | . . . . . . Kicked . | . . . . . . Crushed . | . . . . . . Highest Temperature 353 | . 162 128 132 353 89 Average Temperature 99 | . 59 51 70 153 27 Received Heat Transfer 348 | . 24 9 . 198 117 Effects 3 | . . . . 3 . Shutdowns 1 | . . . . 1 . Energy Bleed 1 | . . . . 1 . Damage (minor) 1 | . . . . 1 . Siege Activations . | . . . . . . Martial Activations . | . . . . . . Shielding Activations . | . . . . . . Robots Disrupted . | . . . . . . Combat Hostiles . | . . . . . . Robots Corrupted . | . . . . . . Combat Hostiles . | . . . . . . Parts Fried . | . . . . . . Impact Corruptions . | . . . . . . Robots Melted . | . . . . . . Combat Hostiles . | . . . . . . Parts Melted . | . . . . . . Heat Transferred 199 | . 199 . . . . Parts Sabotaged . | . . . . . . Parts Stolen . | . . . . . . Parts Stripped . | . . . . . . Power Chain Reactions . | . . . . . . Alert | -11 -10 -9 -9 -8 -7 ------- Run | Yrd Mat Mat Min Mat Fac Maximum Alert Level . | . . . . . . Low Security (%) 100 | 100 100 100 100 100 100 Level 1 . | . . . . . . Level 2 . | . . . . . . Level 3 . | . . . . . . Level 4 . | . . . . . . Level 5 . | . . . . . . High Security . | . . . . . . Max Security . | . . . . . . Peak Influence 186 | . 50 101 92 186 109 Initial 84 | . . 12 22 31 84 Average 51 | . 17 35 80 75 78 Influence Increases 594 | . 65 129 70 255 75 Destroy 0b10 Robot/C 340 | . 20 80 60 180 . Destroy 0b10 Robot/NC 30 | . 5 20 . . 5 Destroy Leader 82 | . 10 22 10 40 . Successful Hack 21 | . . 6 . 5 10 Destroy Structure 1 | . . 1 . . . Partial Spotted 15 | . . . . 15 . Lose Combat Pursuer 105 | . 30 . . 15 60 Influence Decreases 485 | . 35 102 45 151 152 Entered New Map 206 | . . 18 35 51 102 Time Decay 279 | . 35 84 10 100 50 Squads Dispatched 5 | . . . . 3 2 Investigation 3 | . . . . 2 1 Extermination . | . . . . . . Reinforcement 1 | . . . . 1 . Assault . | . . . . . . Garrison 1 | . . . . . 1 Intercept . | . . . . . . Searches Triggered . | . . . . . . Construction Impeded . | . . . . . . Haulers Reinforced . | . . . . . . Active Scanning Responses . | . . . . . . Cargo Convoy Interrupts . | . . . . . . Stealth | -11 -10 -9 -9 -8 -7 --------- Run | Yrd Mat Mat Min Mat Fac Distress Signals 1 | . . 1 . . . Communications Jammed . | . . . . . . Distress Signals . | . . . . . . Times Spotted 40 | . 6 8 2 18 6 Peak Tracking Total 9 | . 4 3 2 9 5 Tactical Retreats 4 | . 1 . . 1 2 Traps | -11 -10 -9 -9 -8 -7 ------- Run | Yrd Mat Mat Min Mat Fac Traps Triggered . | . . . . . . Indirectly . | . . . . . . Trap Hack Attempts . | . . . . . . Triggered . | . . . . . . Disarmed . | . . . . . . Reprogrammed . | . . . . . . Reused . | . . . . . . Traps Extracted . | . . . . . . Installed . | . . . . . . Triggered . | . . . . . . Machines | -11 -10 -9 -9 -8 -7 ---------- Run | Yrd Mat Mat Min Mat Fac Machines Disabled . | . . . . . . Max in Single Turn . | . . . . . . Machines Repaired . | . . . . . . Machines Dismantled . | . . . . . . Machines Sabotaged . | . . . . . . Overloaded Fab Kills . | . . . . . . Hacking | -11 -10 -9 -9 -8 -7 --------- Run | Yrd Mat Mat Min Mat Fac Machines Accessed 4 | . . 1 . 2 1 Terminals 4 | . . 1 . 2 1 Fabricators . | . . . . . . Repair Stations . | . . . . . . Recycling Units . | . . . . . . Scanalyzers . | . . . . . . Garrison Access . | . . . . . . Total Hacks 12 | . . 2 . 7 3 Successful 5 | . . 1 . 3 1 Failed 7 | . . 1 . 4 2 Catastrophic 1 | . . . . . 1 Database Lockouts . | . . . . . . Manual 10 | . . 2 . 7 1 Terminals 12 | . . 2 . 7 3 Fabricators . | . . . . . . Repair Stations . | . . . . . . Recycling Units . | . . . . . . Scanalyzers . | . . . . . . Garrison Access . | . . . . . . Terminal Hacks 5 | . . 1 . 3 1 Part Schematic 4 | . . 1 . 3 . Fabricator Index 1 | . . . . . 1 Fabricator Hacks . | . . . . . . Repair Station Hacks . | . . . . . . Recycling Unit Hacks . | . . . . . . Scanalyzer . | . . . . . . Garrison Access Hacks . | . . . . . . Unauthorized Hacks . | . . . . . . Terminals . | . . . . . . Fabricators . | . . . . . . Repair Stations . | . . . . . . Recycling Units . | . . . . . . Scanalyzers . | . . . . . . Garrison Access . | . . . . . . Data Cores Recovered 1 | . . 1 . . . Used . | . . . . . . Hacking Detections 3 | . . . . 2 1 Full Trace Events 3 | . . . . 2 1 Feedback Events . | . . . . . . Feedback Blocked . | . . . . . . Robot Schematics Acquired . | . . . . . . Robots Built . | . . . . . . Authchips . | . . . . . . Time . | . . . . . . Total Robot Build Rating . | . . . . . . Part Schematics Acquired 4 | . . 1 . 3 . Parts Built . | . . . . . . Authchips . | . . . . . . Time . | . . . . . . Total Part Build Rating . | . . . . . . Parts Repaired . | . . . . . . Time . | . . . . . . Parts Recycled . | . . . . . . Recycled Matter . | . . . . . . Retrieved Matter . | . . . . . . Retrieved Components . | . . . . . . Parts Scanalyzed . | . . . . . . Part Schematics Acquired . | . . . . . . Parts Damaged . | . . . . . . Bothacking | -11 -10 -9 -9 -8 -7 ------------ Run | Yrd Mat Mat Min Mat Fac Used RIF Installer . | . . . . . . Robots Hacked . | . . . . . . Non-combat . | . . . . . . Combat . | . . . . . . Robot Hacks Applied . | . . . . . . Relay Couplers Released . | . . . . . . Fabnet Peak Effective % . | . . . . . . Robots Rewired . | . . . . . . Allies Hacked . | . . . . . . Hacks Repelled . | . . . . . . Allies | -11 -10 -9 -9 -8 -7 -------- Run | Yrd Mat Mat Min Mat Fac Total Allies . | . . . . . . Largest Group . | . . . . . . Highest-Rated Group . | . . . . . . Highest-Rated Ally . | . . . . . . Total Orders . | . . . . . . Ally Attacks . | . . . . . . Total Damage . | . . . . . . Kills . | . . . . . . Allies Corrupted . | . . . . . . Allies Melted . | . . . . . . Intel | -11 -10 -9 -9 -8 -7 ------- Run | Yrd Mat Mat Min Mat Fac Active Infowar (turns) . | . . . . . . Robot Analysis Total . | . . . . . . Derelict Logs Recovered 1 | . . . 1 . . Drone Launches . | . . . . . . Drone Recoveries . | . . . . . . Exploration | -11 -10 -9 -9 -8 -7 ------------- Run | Yrd Mat Mat Min Mat Fac Turns Passed 784 | 23 130 258 37 217 119 Spaces Moved 1253 | 33 204 440 70 335 171 Core 173 | 33 126 . . 14 . Treads . | . . . . . . Legs . | . . . . . . Wheels . | . . . . . . Hover . | . . . . . . Flight 1080 | . 78 440 70 321 171 Fastest Speed 37 | 50 40 37 37 37 37 Average Speed 40 | 50 48 39 37 39 37 Slowest Speed 120 | 50 120 117 37 100 37 Overloaded Moves . | . . . . . . Propulsion Burnouts . | . . . . . . Robots Hopped 21 | . . 6 . 10 5 Potential Cave-ins . | . . . . . . Cave-ins Triggered . | . . . . . . Exploration Rate (%) 20 | 3 35 31 17 29 6 Regions Visited 5 Branch Regions 1 Pre-discovered Areas . | . . . . . . Known Exits Taken . | . . . . . . Unknown Exits Taken 5 | 1 1 1 1 1 . Scrap Searched . | . . . . . . Spaces Dug . | . . . . . . Terrain Destroyed . | . . . . . . Melee . | . . . . . . Projectile . | . . . . . . AOE . | . . . . . . Terrain Rammed . | . . . . . . Walls Destroyed . | . . . . . . Machines Disabled . | . . . . . . Actions | -11 -10 -9 -9 -8 -7 --------- Run | Yrd Mat Mat Min Mat Fac Total 1401 | 37 222 491 76 372 203 Wait 70 | 2 3 28 . 15 22 Move 1212 | 32 203 428 69 319 161 Hop 15 | . . 5 . 5 5 Pick Up . | . . . . . . Fast Attach 16 | 3 5 8 . . . Attach . | . . . . . . Detach . | . . . . . . Swap 4 | . . 2 2 . . Drop 12 | . 3 5 2 . 2 Fire 57 | . 6 14 3 21 13 Melee . | . . . . . . Ram . | . . . . . . Kick . | . . . . . . Crush . | . . . . . . Escape Stasis . | . . . . . . Rewire . | . . . . . . Trap . | . . . . . . Miscellaneous 15 | . 2 1 . 12 . Route ------- -11/Scrapyard -10/Materials -9/Materials -9/Mines -8/Materials -7/Factory History --------- Turn | Location | Event 3 | -11/Scrapyard | Upgraded with Propulsion slot (x1) 3 | -11/Scrapyard | Upgraded with Weapon slot (x3) 8 | -11/Scrapyard | Discovered new exit (range 15) 24 | -11/Scrapyard | Entered Materials 131 | -10/Materials | Discovered new exit (range 13) 154 | -10/Materials | Entered another Materials area 156 | -9/Materials | Reached level 2 311 | -9/Materials | Build established: Gunner 409 | -9/Materials | Discovered new exit (range 8) 412 | -9/Materials | Entered Mines 418 | -9/Mines | Reached level 3 444 | -9/Mines | Discovered new exit (range 10) 444 | -9/Mines | Learned Materials trap positions 449 | -9/Mines | Entered Materials 450 | -8/Materials | Loaded intel: 16 trap records 451 | -8/Materials | Reached level 4 633 | -8/Materials | Core integrity fell below 50% 662 | -8/Materials | Discovered new exit (range 12) 666 | -8/Materials | Entered Factory 667 | -7/Factory | Core integrity fell below 50% 668 | -7/Factory | Reached level 5 724 | -7/Factory | Core integrity fell below 20% 768 | -7/Factory | Garrison activated, responded to threat 785 | -7/Factory | Destroyed by P-60 Hacker with Shock Rifle Last Messages --------------- Current location identified: Factory >>Index(Fabricators) Found 6 fabricators. Downloaded coordinate data. Connecting with Terminal... ALERT: Suspicious activity at Terminal F013. Dispatching Investigation squad. ALERT: All DSF locations entering lockdown mode. K-01 Serf latches onto Y-54 Guardian. K-01 Serf pushes Y-54 Guardian. K-01 Serf collects debris. K-01 Serf pushes Y-54 Guardian. K-01 Serf calls for garrison support. ALERT: Activating Garrison Access F002. K-01 Serf pushes Y-54 Guardian. K-01 Serf destroyed. Acquired 30 matter. K-01 Serf latches onto Y-54 Guardian. K-01 Serf pushes Y-54 Guardian. R-06 Scavenger collects Wheel. K-01 Serf pushes Y-54 Guardian. Map ----- +----------------------------------------------------+ | ???????????????? """" """" #?# #??????????????? | | ????????????????? """" """" ??# #??????????????? | | ???????????????????""" """" ????# #??????????????? | | ????????????????????? ??????# #??????????????? | | ?????????????????????##+######### ####???????????? | | ?????????????????????# +???????????? | | ?????????????????????# #############???????????? | | ???????????# ????????# #???????????????????????? | | ???????????# ??????# #???????????????????????? | | ???????????? ????# #????? ???????????????? | | ?????????????? ??# #???? ????????????? | | ??????????????"" """ # #??? ????????????? | | ??????????????"" """ + #??? ?????????????? | | ??????????????"" """ # #?? #???????????????? | | ???????????????####### ### #???????????????? | | ????????############# #???????????????? | | ???????# ! # ##??????????????? | | ???????# + +??????????????? | | ???????# """ #Y ##??????????????? | | ???????????"""" # k #???????????????? | | ???????????"""" ?# ########???????????????? | | ??????????? ?# #??????????????????????? | | ?????????? """ ??# #??????????????????????? | | ????????? """"" ??# #??????????????????????? | | ???????????"""" ???# p#??????????????????????? | | ???????????? ???# @#??????????????????????? | | ???????????? ????# r #??????????????????????? | | ???????????? ????# a#??????????????????????? | | ????????????###?????# r############+#########?? | | ????????????????????# #?? | | ????????????????????# #?? | | ????????????????????# #?? | | ????????????????????# +?? | | ????????????????????# #?? | | ?????????????????#######+################# #?? | | ???????????????#! ! #??????????????? #?? | | ???????????????# [ #????????????????? ??? | | ???????????????# #????????????????????? | | ???????????????# #????????????????????? | | ???????????????# """ """ #????????????????????? | | ???????????????# """ """ #????????????????????? | | ???????????????# """ """ #????????????????????? | | ???????????????#?? #????????????????????? | | ??????????????????""" """ #????????????????????? | | ??????????????????"""???" #????????????????????? | | ????????????????????????" #????????????????????? | | ????????????????????????? #????????????????????? | | ?????????????????????????####????????????????????? | | ?????????????????????????????????????????????????? | | ?????????????????????????????????????????????????? | +----------------------------------------------------+ Best States ------------- Heat Dissipation 25 Energy Generation 15 Energy Capacity 160 Matter Stores 300 Matter Capacity 300 Sight Range 16 Terrain Scan Density 10 Additional Mass Support 6 Evasion (%) 62 Offensive Hacking 30 Item Schematics ----------------- Shield Generator | -9/Materials | Hacked Katana | -8/Materials | Hacked Actuator Array | -8/Materials | Hacked EM Shotgun | -8/Materials | Hacked Robot Schematics ------------------ None Fabricated ------------ Nothing Repaired ---------- Nothing Alien Tech Used ----------------- None Achievements -------------- None Challenges ------------ None RPGLIKE | -11 -10 -9 -9 -8 -7 --------- Run | Yrd Mat Mat Min Mat Fac Levels Raised 4 | . . 1 1 1 1 XP Earned 10180 | 3000 150 2030 850 2600 1550 XP Spent 7500 | 3000 . 1500 . 3000 . Upgrades 12 | 5 . 4 . 3 . Propulsion Slot 1 | 1 . . . . . Weapon Slot 3 | 3 . . . . . Energy Generation 1 | . . 1 . . . Mass Support 1 | 1 . . . . . Hack Attack % 6 | . . 3 . 3 . Protomatter Created 200 | . 11 22 . 167 . Integrity Restored 304 | . 33 24 . 247 . Core 254 | . 33 24 . 197 . Parts 50 | . . . . 50 . Protomatter Decayed 54 | . . . . 54 . Game ------ Seed ConstructSegregatorField Manual? 0 Play Time 00:10:31 Cumulative 283.7 hours Start 2025.06.11 @ 14:48:24 End 2025.06.11 @ 20:59:22 Sessions 1 Manual Loads 0 Difficulty Rogue Special Mode Winter2019/RPGLIKE Game No. 279 Rogue 90 Adventurer 177 Explorer 12 Win Type - Total 65 Types 19/1/16/2/12/0/4/5/0/6 Lore% 57 Gallery% 55 Achievement% 72 Wizard Run 0 Options --------- Layout 0 ASCII 0 Keyboard 0 Movement Numpad Keybinds 0 Fullscreen 2 Font 12/Smallcaps Map View 83x54 Zoom Use 0% Tactical HUD 0 Map Filters NONE Filters NONE Steam 1 RUN: 86fca05d-914b-40ca-9030-789565211b59